 Dungeon Crawl Stone Soup version 0.17-a0-1110-g19bd574 (webtiles) character file.

2698 Inkie the Thaumaturge (level 9, -15/53 HPs)
             Began as an Octopode Transmuter on May 21, 2015.
             Was an Initiate of Gozag.
             Splashed by a jelly's acid (17 damage)
             ... on level 7 of the Dungeon on May 22, 2015.
             The game lasted 00:57:25 (11049 turns).

Inkie the Thaumaturge (Octopode Transmuter)        Turns: 11049, Time: 00:57:25

Health: -15/53     AC:  2    Str: 10    XL:     9   Next: 65%
Magic:  19/22      EV: 20    Int: 18    God:    Gozag
Gold:   893        SH:  0    Dex: 17    Spells: 3 memorised, 21 levels left

rFire  . . .     SeeInvis +       - Unarmed
rCold  . . .     Clarity  .     (shield currently unavailable)
rNeg   . . .     SustAt   .     (helmet currently unavailable)
rPois  x         Gourm    +     v - amulet of the gourmand
rElec  .         Spirit   .     x - ring of wizardry
rCorr  .         Warding  .     s - ring of see invisible
rMut   .         Stasis   .     (no ring)
MR     .....                    (no ring)
Stlth  ++........               (no ring)
                                (no ring)
                                (no ring)
                                (no ring)

@: spider-form, hasted, very quick, not resistant to hostile enchantments,
unstealthy
A: almost no armour, amphibious, 8 rings, (constrict 8), (camouflage 0),
(gelatinous body 0)
a: End Transformation, Potion Petition, Call Merchant, Bribe Branch, Renounce
Religion


You were on level 7 of the Dungeon.
You worshipped Gozag.
Gozag was noncommittal.
You were hungry.
You were a venomous arachnid creature.
You visited 2 branches of the dungeon, and saw 9 of its levels.

You collected 1000 gold pieces.
You paid 107 gold pieces to Gozag.

Inventory:

Missiles
 a - 123 arrows
 e - 215 stones (quivered)
Armour
 u - a +1 cloak
Jewellery
 s - a ring of see invisible (right front leg)
 v - an amulet of the gourmand (around neck)
 x - a ring of wizardry (left front leg)
Magical devices
 g - a wand of disintegration (5)
 m - a wand of invisibility (4)
 w - a wand of enslavement (12)
 A - a wand of frost (48)
Scrolls
 f - 2 scrolls of enchant armour
 h - 2 scrolls of immolation
 n - a scroll of remove curse
 t - 3 scrolls of teleportation
 y - a scroll of fog
Potions
 d - a potion of cure mutation
 j - a potion of resistance {unknown}
 k - a potion of lignification {unknown}
 l - a potion of brilliance {unknown}
 o - a potion of beneficial mutation {unknown}
 q - a potion of curing {unknown}
 r - 2 potions of magic
Books
 b - a book of Changes

   Spells                             Type                      Level
   a - Beastly Appendage              Transmutation                1
   b - Sticks to Snakes               Transmutation                2
   c - Spider Form                    Transmutation/Poison         3
   d - Ice Form                       Ice/Transmutation            4
   e - Blade Hands                    Transmutation                5
Comestibles
 c - 2 bread rations
 p - 2 royal jellies


   Skills:
 - Level 1.0 Fighting
 - Level 2.1 Dodging
 - Level 4.0 Unarmed Combat
 * Level 9.8 Spellcasting
 - Level 7.0 Transmutations
 - Level 1.2 Poison Magic


You had 21 spell levels left.
You knew the following spells:

 Your Spells              Type           Power        Failure   Level  Hunger
a - Beastly Appendage     Trmt           ####..       1%          1    None
b - Spider Form           Trmt/Pois      ###.......   6%          3    None
c - Sticks to Snakes      Trmt           ####......   1%          2    None


Dungeon Overview and Level Annotations

Branches:
Dungeon (8/15)             Temple (1/1) D:6
   Lair: D:8-11

Altars:
Ashenzari
Cheibriados
Elyvilon
Fedhas
Gozag
Kikubaaqudgha
Makhleb
Nemelex Xobeh
Qazlal
Sif Muna
Trog
Vehumet
Xom
Yredelemnul
The Shining One

Annotations:
D:6 Blork the orc


Innate Abilities, Weirdness & Mutations

You cannot wear most types of armour.
You are amphibious.
You can wear up to eight rings at the same time.
((You can use your tentacles to constrict eight enemies at once.))
((Your skin changes colour to match your surroundings (Stealth).))
((Your rubbery body absorbs attacks (AC +1).))


Message History

You turn into a venomous arachnid creature.
The jelly misses you.
You hit the jelly.
The jelly is poisoned.
Your front legs burn!
* * * LOW HITPOINT WARNING * * *
The jelly is moderately wounded.
The jelly misses you.
You hit the jelly.
Your front legs burn!
* * * LOW HITPOINT WARNING * * *
The jelly is moderately wounded.
The jelly misses you.
You bite the jelly!
Your front legs burn!
* * * LOW HITPOINT WARNING * * *
The jelly is heavily wounded.
The jelly closely misses you.
Drink which item? (? for menu, Esc to quit)
You feel yourself speed up. The jelly hits you.
* * * LOW HITPOINT WARNING * * *
You are splashed with acid!
The acid burns!
You die...
Your body crumbles into a pile of gold.

..# ######..####.#############
..# #..##[..............#
..#### ###..##....##########.#
.....###.....................#
............##....#.########.#
.................##.# #.#
.................##.# #.#
...........).....##.# #.#
...............Js##.# #.#
#######..........##.# #.# #
#.....##.#.##.# #.# #
#.....##...##.# #.#
##############......# #.#
........# #.(.##.# #.#
####....# #...##.# #.# #
#....######....#.# #.# #
#..Y.##.....#..#.## #.#


You could see a jelly.

Vanquished Creatures
  Joseph (D:8)
  A yak (D:7)
  A hippogriff (D:8)
  An ice beast (D:6)
  2 sky beasts (D:8)
  2 centaurs
  3 ogres
  An eye of draining (D:7)
  3 scorpions
  3 killer bees (D:8)
  2 crimson imps
  2 hounds
  A giant frog zombie (D:5)
  4 orc wizards
  2 centaur skeletons
  3 orc priests
  A giant frog skeleton (D:6)
  A jelly (D:7)
  4 worker ants
  2 killer bee zombies
  A hound skeleton (D:8)
  A worker ant zombie (D:8)
  13 adders
  5 gnolls
  4 river rats (D:5)
  3 oozes
  3 worms
  2 giant geckos
  24 orcs
  20 bats
  2 bat skeletons
  A bat zombie (D:5)
  6 giant cockroaches
  14 goblins
  14 hobgoblins
  13 kobolds
  A quokka (D:2)
  2 ball pythons
  A giant gecko skeleton (D:6)
  A giant gecko zombie (D:5)
  4 giant newts
  10 jackals
  A quokka skeleton (D:8)
  11 rats
197 creatures vanquished.

Vanquished Creatures (collateral kills)
  A yak (D:7)
1 creature vanquished.

Vanquished Creatures (others)
  A yak (D:7)
1 creature vanquished.

Grand Total: 199 creatures vanquished

Notes
Turn   | Place    | Note
--------------------------------------------------------------
     0 | D:1      | Inkie the Octopode Transmuter began the quest for the Orb.
     0 | D:1      | Reached XP level 1. HP: 13/13 MP: 3/3
   177 | D:1      | Reached XP level 2. HP: 18/18 MP: 3/5
   765 | D:2      | Reached XP level 3. HP: 21/23 MP: 4/6
   903 | D:2      | Reached skill level 4 in Unarmed Combat
   928 | D:2      | Learned a level 3 spell: Spider Form
  1382 | D:2      | Reached XP level 4. HP: 19/28 MP: 5/7
  1607 | D:2      | Found a sparkling altar of Nemelex Xobeh.
  1625 | D:2      | Found a bloodstained altar of Trog.
  2581 | D:3      | Reached XP level 5. HP: 21/33 MP: 6/8
  3529 | D:3      | Reached skill level 5 in Transmutations
  3619 | D:3      | Learned a level 2 spell: Sticks to Snakes
  3623 | D:3      | Found a blossoming altar of Fedhas.
  3702 | D:3      | Noticed a sky beast
  4455 | D:4      | Reached XP level 6. HP: 38/38 MP: 7/9
  4702 | D:4      | Found an opulent altar of Gozag.
  4973 | D:5      | Entered Level 5 of the Dungeon
  5123 | D:5      | Reached skill level 1 in Poison Magic
  5516 | D:5      | Reached skill level 6 in Transmutations
  5587 | D:5      | Reached XP level 7. HP: 43/43 MP: 6/10
  5926 | D:5      | Reached skill level 7 in Transmutations
  6443 | D:5      | Found an ancient bone altar of Kikubaaqudgha.
  6444 | D:5      | Found a snail-covered altar of Cheibriados.
  6528 | D:5      | Found a snail-covered altar of Cheibriados.
  6754 | D:6      | Found a staircase to the Ecumenical Temple.
  6775 | Temple   | Entered the Ecumenical Temple
  6895 | D:4      | Became a worshipper of Gozag Ym Sagoz the Greedy
  7316 | D:6      | Found a deep blue altar of Sif Muna.
  7366 | D:6      | Noticed a hill giant
  7499 | D:6      | Found a glowing golden altar of the Shining One.
  7523 | D:7      | Reached XP level 8. HP: 48/48 MP: 0/15
  7533 | D:7      | Noticed a yak
  7533 | D:7      | Noticed a yak
  7534 | D:7      | Noticed a yak
  7694 | D:7      | Reached skill level 5 in Spellcasting
  8082 | D:6      | Noticed Blork the orc
  8377 | D:7      | Killed a yak
  8380 | D:7      | a yak (ally) was killed
  8391 | D:7      | Killed a yak
  9186 | D:8      | Reached XP level 9. HP: 38/53 MP: 17/20
  9286 | D:8      | Reached skill level 8 in Spellcasting
  9626 | D:8      | Noticed Joseph
 10107 | D:8      | Reached skill level 9 in Spellcasting
 10466 | D:8      | Killed Joseph
 11049 | D:7      | HP: 2/53 [jelly (3)]
 11049 | D:7      | Splashed by a jelly's acid

Vault maps used:
D:1:      matt_arrival_diagonals, serial_park_tiny_1, item_on_display_a
D:2:      gammafunk_temple_overflow_statue, minmay_misc_feat_ornament
D:3:      fedhas_altar_1, minmay_misc_feat_four_crosses
D:4:      grunt_gozag_breadcrumbs, first_bread
D:5:      wad_woods_tower, gammafunk_temple_overflow_wave,
          cheibrodos_worm_habitat
D:6:      nicolae_overflow_hidden_temple, lemuel_round_altar, temple_fountains,
          uniq_blork_the_orc
D:8:      minitemple, grunt_ministairs_6, david_nohive_1, uniq_psyche,
          uniq_joseph
Temple:   temple_island_7

Action                   |  1- 3 |  4- 6 |  7- 9 || total
-------------------------+-------+-------+-------++-------
Melee: Unarmed           |    67 |   210 |   356 ||   633
Throw: Stone             |    52 |    50 |    14 ||   116
 Cast: Beastly Appendage |    16 |    26 |    17 ||    59
       Spider Form       |       |    14 |    29 ||    43
Invok: Potion Petition   |       |       |     1 ||     1
Evoke: Wand              |       |       |     1 ||     1
  Use: Potion            |       |     1 |     5 ||     6
       Scroll            |       |    12 |     3 ||    15
 Stab: Sleeping          |     1 |     2 |     3 ||     6
       Distracted        |       |       |     1 ||     1
  Eat: Chunk             |     1 |    14 |       ||    15
       Pizza             |       |     1 |       ||     1
       Meat ration       |       |       |     3 ||     3
       Bread ration      |       |       |     1 ||     1
